General information
- name: BNet
- type: Ladder team game (AT/RT)
- host: Battle.net
- saver: BeetleJewz
map: Cherryville
- players: 8
- length: 49:27
- speed: Fast
- version: 1.27 W3XP
- replay type: Public
» download(225 KB)
Players
team 1 (loser)

»
xstop4noonex (
red | 68 APM | 1066 actions | 15:40)
4 Death Knight
2 Death Coil
2 Unholy Aura
2 Dark Ranger
1 Silence
1 Life Drain
1 Beastmaster
1 Summon Bear
» actions
| Assign group hotkey | 20 | |
| Basic commands | 121 | |
| Build / train | 56 | |
| ESC pressed | 4 | |
| Enter build submenu | 20 | |
| Enter hero's abilities submenu | 8 | |
| Right click | 341 | |
| Select / deselect | 213 | |
| Select group hotkey | 234 | |
| Use ability | 49 | |
1066 total
» units
| Acolyte | 11 | |
| Ghoul | 4 | |
| Crypt Fiend | 3 | |
| Dryad | 8 | |
| Frost Wyrm | 4 | |
30 total
» upgrades
| Creature Carapace | 2 | |
| Creature Attack | 2 | |
| Reinforced Hides | 1 | |
| Strength of the Wild | 1 | |
| Freezing Breath | 1 | |
7 total
» buildings
| Altar of Darkness | 1 | |
| Crypt | 1 | |
| Ziggurat | 16 | |
| Graveyard | 1 | |
| Tomb of Relics | 1 | |
| Halls of the Dead | 4 | |
| Black Citadel | 1 | |
| Sacrificial Pit | 1 | |
| Moon Well | 3 | |
| Boneyard | 3 | |
| Spirit Tower | 4 | |
36 total
» build order
00:08 Altar of Darkness
00:11 Crypt
00:15 Ziggurat
01:10 Graveyard
01:23 Ziggurat
02:05 Tomb of Relics
02:39 Ziggurat
03:29 Ziggurat
04:28 Halls of the Dead
04:29 Halls of the Dead
07:03 Black Citadel
07:06 Sacrificial Pit
07:52 Ziggurat
07:54 Ziggurat
08:20 Moon Well
08:20 Moon Well
08:21 Moon Well
09:36 Boneyard
09:37 Boneyard
09:39 Boneyard
10:28 Ziggurat
11:45 Ziggurat
11:46 Ziggurat
11:46 Ziggurat
11:47 Ziggurat
11:48 Ziggurat
11:58 Ziggurat
11:59 Ziggurat
12:00 Ziggurat
12:33 Ziggurat
13:20 Spirit Tower
13:43 Spirit Tower
13:46 Spirit Tower
14:13 Spirit Tower
» items
undead_servant (
purple | 30 APM | 999 actions | 33:08)
7 Blademaster
3 Wind Walk
3 Critical Strike
1 Bladestorm
» actions
| Build / train | 61 | |
| Enter build submenu | 19 | |
| Enter hero's abilities submenu | 7 | |
| Give item / drop item | 1 | |
| Right click | 554 | |
| Select / deselect | 265 | |
| Use ability | 92 | |
999 total
» units
| Peon | 15 | |
| Grunt | 3 | |
| Wind Rider | 3 | |
| Troll Batrider | 12 | |
33 total
» upgrades
| Reinforced Defenses | 1 | |
| Liquid Fire | 1 | |
| Spiked Barricades | 1 | |
| Ranged Weapons | 1 | |
4 total
» buildings
| Orc Burrow | 6 | |
| Altar of Storms | 1 | |
| Voodoo Lounge | 1 | |
| Barracks | 1 | |
| Stronghold | 1 | |
| War Mill | 1 | |
| Fortress | 1 | |
| Beastiary | 2 | |
| Great Hall | 1 | |
| Watch Tower | 2 | |
| Tree of Life | 2 | |
19 total
» build order
00:09 Orc Burrow
00:13 Altar of Storms
01:03 Voodoo Lounge
01:14 Barracks
01:56 Orc Burrow
03:49 Stronghold
03:58 War Mill
04:15 Orc Burrow
04:48 Orc Burrow
05:35 Orc Burrow
06:26 Fortress
06:30 Beastiary
06:35 Beastiary
07:20 Great Hall
10:10 Watch Tower
12:08 Watch Tower
12:50 Orc Burrow
24:45 Tree of Life
26:27 Tree of Life
» items
| Healing Salve | 6 | |
| Circlet of Nobility | 1 | |
| Orb of Lightning | 1 | |
| Scroll of Speed | 1 | |
| Lesser Clarity Potion | 2 | |
| Scroll of Town Portal | 2 | |
| Potion of Healing | 1 | |
14 total
ALADDIN-DVD-YNO (
blue | 71 APM | 3516 actions | 49:26)
7 Blademaster
3 Wind Walk
3 Critical Strike
1 Bladestorm
» actions
| Assign group hotkey | 30 | |
| Basic commands | 9 | |
| Build / train | 85 | |
| ESC pressed | 1 | |
| Enter build submenu | 31 | |
| Enter hero's abilities submenu | 7 | |
| Give item / drop item | 5 | |
| Remove unit from queue | 1 | |
| Right click | 1855 | |
| Select / deselect | 287 | |
| Select group hotkey | 1049 | |
| Use ability | 156 | |
3516 total
» units
| Peon | 8 | |
| Grunt | 3 | |
| Goblin Shredder | 2 | |
| Wind Rider | 14 | |
| Goblin Sapper | 8 | |
| Dryad | 4 | |
39 total
» upgrades
| Reinforced Defenses | 1 | |
| Envenomed Spears | 1 | |
| Ranged Weapons | 2 | |
| Armor | 2 | |
| Liquid Fire | 1 | |
7 total
» buildings
| Altar of Storms | 1 | |
| Orc Burrow | 7 | |
| Barracks | 1 | |
| Voodoo Lounge | 1 | |
| Stronghold | 3 | |
| War Mill | 1 | |
| Great Hall | 2 | |
| Watch Tower | 28 | |
| Beastiary | 2 | |
| Fortress | 2 | |
48 total
» build order
00:07 Altar of Storms
00:22 Orc Burrow
00:40 Barracks
01:23 Orc Burrow
01:55 Voodoo Lounge
02:54 Stronghold
02:54 Stronghold
03:36 War Mill
04:39 Great Hall
05:08 Watch Tower
07:00 Beastiary
07:05 Beastiary
07:09 Orc Burrow
07:25 Watch Tower
07:26 Watch Tower
07:26 Watch Tower
07:52 Watch Tower
08:11 Fortress
08:11 Fortress
08:44 Watch Tower
09:06 Watch Tower
09:07 Watch Tower
09:21 Watch Tower
09:22 Watch Tower
10:48 Watch Tower
10:49 Watch Tower
11:59 Watch Tower
12:00 Watch Tower
13:04 Orc Burrow
13:04 Orc Burrow
13:05 Orc Burrow
13:08 Watch Tower
13:08 Watch Tower
14:43 Watch Tower
14:43 Watch Tower
14:45 Watch Tower
14:46 Watch Tower
16:05 Watch Tower
17:34 Watch Tower
17:35 Watch Tower
18:27 Orc Burrow
19:39 Watch Tower
19:40 Watch Tower
20:40 Watch Tower
20:40 Watch Tower
21:18 Watch Tower
23:10 Great Hall
» items
| Healing Salve | 4 | |
| Scroll of Town Portal | 4 | |
| Orb of Lightning | 1 | |
| Lesser Clarity Potion | 4 | |
| Potion of Healing | 1 | |
| Potion of Mana | 1 | |
| Staff of Teleportation | 1 | |
| Boots of Speed | 1 | |
17 total
gubinho (
teal | 27 APM | 205 actions | 07:27)
2 Beastmaster
1 Summon Bear
1 Summon Quilbeast
1 Dark Ranger
1 Black Arrow
» actions
| Build / train | 41 | |
| Enter build submenu | 10 | |
| Enter hero's abilities submenu | 3 | |
| Remove unit from queue | 2 | |
| Right click | 56 | |
| Select / deselect | 77 | |
| Use ability | 16 | |
205 total
» units
» upgrades
| Strength of the Wild | 1 | |
| Reinforced Hides | 1 | |
| Abolish Magic | 1 | |
3 total
» buildings
| Altar of Elders | 1 | |
| Moon Well | 4 | |
| Tree of Ages | 1 | |
| Hunter's Hall | 1 | |
| Ancient of Lore | 4 | |
11 total
» build order
00:11 Altar of Elders
00:13 Moon Well
02:32 Tree of Ages
02:36 Hunter's Hall
02:41 Moon Well
02:46 Moon Well
02:56 Moon Well
05:13 Ancient of Lore
05:17 Ancient of Lore
05:22 Ancient of Lore
05:28 Ancient of Lore
team 2 (winner)

»
Agent_Joe (
orange | 33 APM | 1252 actions | 38:10)
4 Warden
2 Fan of Knives
2 Shadow Strike
4 Priestess of the Moon
1 Scout
2 Trueshot Aura
1 Searing Arrows
» actions
| Build / train | 49 | |
| Enter build submenu | 24 | |
| Enter hero's abilities submenu | 8 | |
| Give item / drop item | 1 | |
| Remove unit from queue | 3 | |
| Right click | 807 | |
| Select / deselect | 305 | |
| Use ability | 55 | |
1252 total
» units
» upgrades
| Strength of the Wild | 3 | |
| Reinforced Hides | 3 | |
| Corrosive Breath | 1 | |
| Nature's Blessing | 1 | |
| Ultravision | 1 | |
| Well Spring | 1 | |
10 total
» buildings
| Moon Well | 7 | |
| Altar of Elders | 2 | |
| Hunter's Hall | 1 | |
| Tree of Ages | 1 | |
| Ancient Protector | 5 | |
| Tree of Eternity | 1 | |
| Ancient of Wind | 1 | |
| Chimaera Roost | 2 | |
| Ancient of Wonders | 2 | |
| Tree of Life | 2 | |
24 total
» build order
00:12 Moon Well
00:16 Altar of Elders
01:22 Hunter's Hall
02:26 Moon Well
02:30 Tree of Ages
02:47 Ancient Protector
03:10 Ancient Protector
04:52 Tree of Eternity
05:01 Ancient of Wind
07:30 Chimaera Roost
07:34 Chimaera Roost
07:46 Moon Well
08:48 Moon Well
09:03 Ancient of Wonders
10:49 Moon Well
12:31 Ancient Protector
12:35 Ancient Protector
13:17 Ancient Protector
15:55 Tree of Life
16:22 Ancient of Wonders
19:27 Tree of Life
20:25 Altar of Elders
20:54 Moon Well
20:59 Moon Well
» items
wombaaat (
pink | 47 APM | 2314 actions | 49:26)
5 Warden
3 Fan of Knives
2 Blink
4 Priestess of the Moon
2 Trueshot Aura
2 Scout
» actions
| Assign group hotkey | 39 | |
| Basic commands | 126 | |
| Build / train | 89 | |
| ESC pressed | 10 | |
| Enter build submenu | 29 | |
| Enter hero's abilities submenu | 9 | |
| Give item / drop item | 3 | |
| Right click | 387 | |
| Select / deselect | 469 | |
| Select group hotkey | 1061 | |
| Use ability | 92 | |
2314 total
» units
| Wisp | 26 | |
| Archer | 1 | |
| Huntress | 3 | |
| Dryad | 6 | |
| Druid of the Claw | 3 | |
| Hippogryph | 8 | |
47 total
» upgrades
| Ultravision | 1 | |
| Druid of the Claw Training | 2 | |
| Abolish Magic | 1 | |
| Mark of the Claw | 1 | |
| Strength of the Wild | 3 | |
| Sentinel | 1 | |
| Reinforced Hides | 2 | |
11 total
» buildings
| Altar of Elders | 1 | |
| Moon Well | 7 | |
| Ancient of Wonders | 1 | |
| Ancient of War | 1 | |
| Hunter's Hall | 1 | |
| Tree of Ages | 4 | |
| Ancient of Lore | 2 | |
| Tree of Eternity | 2 | |
| Tree of Life | 6 | |
| Ancient Protector | 4 | |
| Ancient of Wind | 3 | |
32 total
» build order
00:18 Altar of Elders
00:40 Moon Well
01:12 Ancient of Wonders
01:48 Ancient of War
02:00 Hunter's Hall
02:22 Moon Well
03:25 Tree of Ages
03:25 Tree of Ages
03:30 Moon Well
04:22 Moon Well
05:52 Ancient of Lore
05:53 Ancient of Lore
06:21 Tree of Eternity
06:31 Moon Well
06:56 Tree of Eternity
07:54 Tree of Life
09:16 Moon Well
09:17 Moon Well
12:22 Ancient Protector
12:42 Ancient Protector
12:49 Ancient Protector
12:50 Ancient Protector
14:01 Tree of Life
18:04 Ancient of Wind
18:08 Ancient of Wind
18:44 Ancient of Wind
19:57 Tree of Life
20:31 Tree of Life
21:06 Tree of Life
25:15 Tree of Life
» items
| Lesser Clarity Potion | 2 | |
| Dust of Appearance | 1 | |
| Orb of Venom | 1 | |
| Potion of Healing | 2 | |
| Staff of Preservation | 1 | |
| Potion of Lesser Invulnerability | 1 | |
| Scroll of Town Portal | 2 | |
10 total

»
DJ_Trump (
yellow | 51 APM | 1492 actions | 29:21)
5 Dreadlord
2 Sleep
3 Vampiric Aura
» actions
| Assign group hotkey | 19 | |
| Basic commands | 71 | |
| Build / train | 83 | |
| ESC pressed | 1 | |
| Enter build submenu | 44 | |
| Enter hero's abilities submenu | 5 | |
| Remove unit from queue | 2 | |
| Right click | 509 | |
| Select / deselect | 283 | |
| Select group hotkey | 389 | |
| Use ability | 86 | |
1492 total
» units
| Acolyte | 9 | |
| Ghoul | 15 | |
| Obsidian Statue | 3 | |
| Abomination | 6 | |
| Gargoyle | 9 | |
42 total
» upgrades
| Cannibalize | 1 | |
| Unholy Armor | 3 | |
| Unholy Strength | 3 | |
| Disease Cloud | 1 | |
| Creature Carapace | 2 | |
| Creature Attack | 2 | |
12 total
» buildings
| Ziggurat | 18 | |
| Crypt | 2 | |
| Altar of Darkness | 1 | |
| Graveyard | 3 | |
| Nerubian Tower | 5 | |
| Spirit Tower | 8 | |
| Tomb of Relics | 1 | |
| Necropolis | 3 | |
| Halls of the Dead | 1 | |
| Black Citadel | 1 | |
| Slaughterhouse | 3 | |
46 total
» build order
00:06 Ziggurat
00:09 Crypt
00:31 Ziggurat
01:04 Crypt
01:34 Altar of Darkness
01:53 Graveyard
02:13 Ziggurat
02:21 Ziggurat
03:15 Nerubian Tower
03:30 Spirit Tower
03:30 Spirit Tower
04:21 Tomb of Relics
06:21 Necropolis
07:28 Halls of the Dead
07:56 Spirit Tower
07:58 Spirit Tower
08:01 Ziggurat
09:16 Ziggurat
09:19 Ziggurat
09:21 Ziggurat
09:25 Ziggurat
09:28 Ziggurat
09:50 Black Citadel
10:24 Spirit Tower
10:25 Nerubian Tower
11:00 Slaughterhouse
11:18 Slaughterhouse
11:20 Slaughterhouse
11:33 Ziggurat
12:16 Graveyard
12:27 Graveyard
12:46 Nerubian Tower
13:49 Ziggurat
14:56 Spirit Tower
15:04 Ziggurat
15:14 Ziggurat
16:12 Nerubian Tower
21:59 Spirit Tower
22:32 Necropolis
22:36 Necropolis
22:38 Ziggurat
25:51 Ziggurat
26:38 Ziggurat
27:04 Ziggurat
27:36 Nerubian Tower
28:11 Spirit Tower
» items
| Boots of Speed | 1 | |
| Scroll of Town Portal | 1 | |
2 total
BeetleJewz (
green | 39 APM | 1922 actions | 49:27)
7 Archmage
3 Summon Water Elemental
3 Brilliance Aura
1 Mass Teleport
» actions
| Assign group hotkey | 42 | |
| Basic commands | 198 | |
| Build / train | 88 | |
| Enter build submenu | 85 | |
| Enter hero's abilities submenu | 7 | |
| Give item / drop item | 3 | |
| Right click | 491 | |
| Select / deselect | 523 | |
| Select group hotkey | 298 | |
| Use ability | 187 | |
1922 total
» units
| Peasant | 20 | |
| Footman | 4 | |
| Goblin Shredder | 1 | |
| Gryphon Rider | 6 | |
| Acolyte | 1 | |
32 total
» upgrades
| Masonry | 3 | |
| Storm Hammers | 1 | |
| Cloud | 1 | |
| Swords | 3 | |
| Armor | 3 | |
| Animal War Training | 1 | |
12 total
» buildings
| Altar of Kings | 1 | |
| Barracks | 1 | |
| Farm | 8 | |
| Scout Tower | 68 | |
| Arcane Tower | 1 | |
| Keep | 1 | |
| Lumber Mill | 1 | |
| Arcane Vault | 5 | |
| Town Hall | 7 | |
| Guard Tower | 27 | |
| Castle | 1 | |
| Gryphon Aviary | 11 | |
| Blacksmith | 2 | |
134 total
» build order
00:35 Altar of Kings
00:37 Barracks
00:49 Farm
00:56 Farm
01:05 Farm
01:35 Farm
02:07 Scout Tower
02:37 Arcane Tower
03:35 Keep
03:39 Lumber Mill
04:44 Arcane Vault
04:49 Town Hall
04:52 Scout Tower
04:53 Scout Tower
04:54 Scout Tower
04:55 Scout Tower
05:55 Guard Tower
05:57 Guard Tower
05:58 Guard Tower
06:45 Castle
07:02 Scout Tower
07:03 Scout Tower
07:04 Scout Tower
07:04 Scout Tower
07:55 Guard Tower
08:14 Gryphon Aviary
08:16 Gryphon Aviary
08:17 Gryphon Aviary
08:20 Gryphon Aviary
08:24 Blacksmith
08:53 Blacksmith
08:56 Farm
12:23 Farm
12:25 Farm
12:33 Town Hall
12:37 Scout Tower
12:37 Scout Tower
12:38 Scout Tower
12:38 Scout Tower
12:53 Scout Tower
12:54 Scout Tower
12:54 Scout Tower
12:55 Scout Tower
12:59 Scout Tower
13:00 Scout Tower
13:01 Scout Tower
13:02 Scout Tower
13:09 Arcane Vault
13:36 Guard Tower
14:08 Guard Tower
14:41 Guard Tower
17:39 Scout Tower
17:40 Scout Tower
17:43 Scout Tower
17:44 Scout Tower
17:46 Scout Tower
17:49 Scout Tower
17:50 Scout Tower
17:54 Scout Tower
17:54 Scout Tower
17:55 Scout Tower
17:56 Scout Tower
17:58 Scout Tower
17:58 Scout Tower
18:02 Scout Tower
18:03 Scout Tower
18:10 Scout Tower
18:11 Scout Tower
18:14 Scout Tower
18:16 Scout Tower
18:20 Scout Tower
18:21 Scout Tower
18:22 Scout Tower
18:33 Guard Tower
18:46 Guard Tower
19:14 Guard Tower
19:21 Farm
19:50 Guard Tower
20:30 Guard Tower
20:36 Gryphon Aviary
21:28 Gryphon Aviary
22:18 Gryphon Aviary
22:22 Gryphon Aviary
22:33 Gryphon Aviary
23:58 Gryphon Aviary
24:05 Gryphon Aviary
26:17 Town Hall
26:34 Scout Tower
26:35 Scout Tower
26:37 Scout Tower
26:39 Scout Tower
26:40 Scout Tower
26:43 Scout Tower
26:43 Scout Tower
26:46 Scout Tower
26:47 Scout Tower
26:48 Scout Tower
26:51 Scout Tower
26:51 Scout Tower
26:53 Scout Tower
26:54 Scout Tower
27:06 Arcane Vault
27:09 Guard Tower
27:30 Guard Tower
27:43 Guard Tower
27:47 Guard Tower
27:59 Guard Tower
28:06 Guard Tower
28:19 Guard Tower
30:15 Town Hall
31:26 Scout Tower
31:27 Scout Tower
31:27 Scout Tower
31:28 Scout Tower
31:29 Scout Tower
31:31 Scout Tower
31:32 Scout Tower
31:32 Scout Tower
31:34 Scout Tower
31:34 Scout Tower
31:40 Arcane Vault
31:58 Guard Tower
31:59 Guard Tower
32:25 Guard Tower
32:25 Guard Tower
32:25 Guard Tower
32:34 Guard Tower
33:49 Arcane Vault
34:15 Guard Tower
34:56 Town Hall
37:21 Town Hall
37:57 Town Hall
» items
| Scroll of Regeneration | 1 | |
| Mechanical Critter | 2 | |
| Periapt of Vitality | 1 | |
| Scroll of Town Portal | 1 | |
| Orb of Corruption | 1 | |
6 total
Chat log
(00:33 / All) ALADDIN-DVD-YNO: what kind of jackass will vote for donald trump
(00:43 / All) undead_servant: i guess my kind of jack ass
(00:47 / All) DJ_Trump: hehe
(00:51 / All) BeetleJewz: real americans
(00:51 / All) DJ_Trump: most of the country
(00:52 / All) ALADDIN-DVD-YNO: i meant
(00:53 / All) DJ_Trump: next prez
(00:54 / All) ALADDIN-DVD-YNO: rofl
(00:55 / All) DJ_Trump: nigga
(00:56 / All) ALADDIN-DVD-YNO: i meant ted cruz
(00:59 / All) ALADDIN-DVD-YNO: not trump law
(01:05 / All) DJ_Trump: Wat
(01:12 / All) ALADDIN-DVD-YNO: i misspoike, i love trump
(01:12 / All) BeetleJewz: he meant who would vote for ted cruz
(01:15 / All) BeetleJewz: fair point
(01:23 / All) BeetleJewz: gotta have rocks for brains to vote for that weasel
(01:30 / All) undead_servant: why
(01:32 / All) xstop4noonex: donald trump is whats wrong with americans'
(01:35 / All) undead_servant: he wants to increase military
(01:37 / All) xstop4noonex: hes a joke of a person.
(01:38 / All) ALADDIN-DVD-YNO: trump is beast; cruz is the nigger
(01:41 / All) BeetleJewz: shut up pussy
(01:42 / All) undead_servant: create jobs
(01:43 / All) DJ_Trump: trump rox my sox, cunt
(01:49 / All) ALADDIN-DVD-YNO: trump #1
(01:50 / All) undead_servant: whats wrong with that
(01:52 / All) BeetleJewz: Trump will make america great again, and drag you along to our shared glory
(01:58 / All) DJ_Trump: ye
(02:07 / All) undead_servant: he will make it great again
(02:08 / All) xstop4noonex: lmao kids :)
(02:20 / All) xstop4noonex: hell be why the world hates america
(02:29 / All) DJ_Trump: fuck the world
(02:29 / All) undead_servant: they already hate america
(02:31 / All) DJ_Trump: america #1
(02:32 / All) BeetleJewz: the world already hates america, bozo
(02:40 / All) ALADDIN-DVD-YNO: they mad cuz w #1
(02:47 / Allies) DJ_Trump: goin nasty ass melee
(02:49 / Allies) DJ_Trump: fyi
(04:21 / Allies) BeetleJewz: back pink
(04:24 / Allies) BeetleJewz: go there
(04:59 / Allies) wombaaat: units green?
(05:02 / Allies) BeetleJewz: griffs
(05:06 / Allies) wombaaat: kk
(06:13 / All) ALADDIN-DVD-YNO: thanks red for the warning
(07:29 / All) xstop4noonex: hehe
(07:31 / All) DJ_Trump: trump
(07:32 / All) DJ_Trump: #1
(07:33 / All) DJ_Trump: cucks
(07:34 / All) DJ_Trump: Gtfo
(07:45 / All) DJ_Trump: non cucks can stay
(08:02 / All) ALADDIN-DVD-YNO: thx. im a non cuck. i luv trump
(08:07 / All) DJ_Trump: good
(08:08 / Allies) wombaaat: wood?
(08:25 / All) ALADDIN-DVD-YNO: completley mis spoke . def hate cruz
(08:29 / All) DJ_Trump: :)
(08:33 / All) DJ_Trump: lyin ted
(08:51 / All) ALADDIN-DVD-YNO: he eats his own bugers
(08:55 / All) DJ_Trump: yup
(12:01 / Allies) DJ_Trump: we have good aa??
(13:40 / Allies) DJ_Trump: aa tp ?
(13:42 / Allies) DJ_Trump: then hit top?
(13:51 / Allies) DJ_Trump: nvm
(13:57 / Allies) BeetleJewz: lumber?
(13:58 / Allies) DJ_Trump: all go
(14:10 / Allies) wombaaat: green
(14:11 / Allies) wombaaat: tp
(14:12 / Allies) DJ_Trump: getting tp
(15:01 / Allies) wombaaat: wtf
(15:09 / Allies) DJ_Trump: we fine
(15:44 / All) DJ_Trump: raped
(16:19 / Allies) DJ_Trump: come
(17:55 / Allies) DJ_Trump: no aa?
(19:06 / Allies) wombaaat: burrows
(21:46 / Allies) DJ_Trump: skip
(22:25 / Allies) DJ_Trump: need lots of aa niggas
(22:53 / Allies) DJ_Trump: can someone fucking tp
(22:54 / Allies) DJ_Trump: christ
(22:59 / Allies) BeetleJewz: I can't, bats
(23:11 / Allies) DJ_Trump: ty
(23:24 / Allies) DJ_Trump: now we win
(23:26 / Allies) DJ_Trump: fosho
(23:40 / All) BeetleJewz: I think I just used tp scroll instead of mass tp
(23:51 / Allies) DJ_Trump: lol
(24:22 / Allies) DJ_Trump: on it
(24:24 / Allies) DJ_Trump: u go
(25:41 / Allies) wombaaat: need acos
(25:43 / Allies) DJ_Trump: ty
(25:47 / Allies) DJ_Trump: waiting on zigs
(26:01 / Allies) DJ_Trump: on it
(27:37 / Allies) wombaaat: gogog
(27:47 / Allies) DJ_Trump: fat ol aboms
(28:00 / Allies) Agent_Joe: MUST ATTACK
(28:02 / Allies) Agent_Joe: go now
(28:13 / Allies) wombaaat: too many towers
(28:15 / Allies) wombaaat: no gold there
(28:17 / Allies) DJ_Trump: green
(28:17 / Allies) DJ_Trump: omfg
(28:18 / Allies) wombaaat: check mines
(28:20 / Allies) DJ_Trump: give me like 10k please
(28:22 / Allies) DJ_Trump: need it bad haha
(28:53 / Allies) DJ_Trump: green?
(29:11 / All) DJ_Trump: ok well i gtg to a party
(29:14 / All) DJ_Trump: green has 20k gold
(29:16 / All) DJ_Trump: so we should be fine
(29:18 / All) DJ_Trump: gg niggers
(29:20 / All) DJ_Trump: trump 2016
(29:23 / All) undead_servant: yep blue didnt expo so
(29:25 / All) undead_servant: we lose
(29:32 / All) ALADDIN-DVD-YNO: purple is so retarded lawl
(29:33 / All) undead_servant: he told me to trust him
(29:37 / All) ALADDIN-DVD-YNO: and its so obvious purple hacks
(29:42 / Allies) Agent_Joe: get tanks we win
(29:43 / All) undead_servant: lol wow
(29:48 / All) undead_servant: an overused hack
(29:55 / All) ALADDIN-DVD-YNO: he pings at places in no way should he know they expo'd there
(29:56 / All) undead_servant: but this time by my own team
(29:58 / All) undead_servant: lol
(30:10 / All) wombaaat: TK him
(30:13 / All) undead_servant: yeah dont expo towns you cleared
(30:22 / All) undead_servant: clearly i hack
(30:29 / Allies) wombaaat: spare gold
(30:30 / Allies) wombaaat: ?
(30:36 / All) undead_servant: retard huh?
(30:41 / All) ALADDIN-DVD-YNO: in no way in hell should you have pinged top left corner and they were there
(30:45 / All) undead_servant: why wouldnt they expo cleared mines
(30:46 / Allies) Agent_Joe: what are we waiting for
(30:47 / All) undead_servant: dipshit
(30:52 / All) ALADDIN-DVD-YNO: everywhere ur bm goes they have shit there
(30:55 / All) undead_servant: lol
(30:56 / All) undead_servant: sure
(31:01 / Allies) Agent_Joe: green get tanks
(31:07 / All) undead_servant: i wouldnt make sense they sent to expo those mines
(31:15 / All) undead_servant: its what YOU should have done
(31:30 / All) ALADDIN-DVD-YNO: like i said, "trust me im ok"
(31:45 / Allies) Agent_Joe: green shared golds
(31:46 / Allies) Agent_Joe: dude
(31:52 / Allies) Agent_Joe: givie it to yellow and pink
(32:22 / All) undead_servant: im trolling mines fyi
(33:00 / All) undead_servant: gg I trust blue tho!
(34:07 / Allies) Agent_Joe: we lost
(34:12 / Allies) Agent_Joe: who send yellow in
(34:25 / All) ALADDIN-DVD-YNO: purple dumb lawl
(34:27 / Allies) wombaaat: look at green gold
(34:47 / Allies) Agent_Joe: green, we lost because of you
(34:56 / Allies) wombaaat: hes dicking around homie
(34:58 / Allies) wombaaat: relax
(35:00 / Allies) BeetleJewz: I'm sorry you feel that way
(35:05 / Allies) BeetleJewz: have a nice cup of alt qq and gtfo
(35:11 / Allies) wombaaat: no nature blessing
(35:13 / Allies) wombaaat: been 15 min walk
(36:33 / All) ALADDIN-DVD-YNO: u guys must be ashamed
(36:48 / Allies) wombaaat: same cln?
(39:51 / All) ALADDIN-DVD-YNO: purple was so mh
(40:06 / All) ALADDIN-DVD-YNO: he pinged expos in no way he should have known they were there
(40:33 / All) BeetleJewz: think pink might be afk
(40:38 / All) BeetleJewz: gonna come back to a loss screen
(40:54 / All) ALADDIN-DVD-YNO: was yellow that trump 4k games guy again
(40:58 / All) BeetleJewz: nah
(41:02 / All) BeetleJewz: that's DonaldTrump2016
(41:08 / All) ALADDIN-DVD-YNO: everyone making trump accts now
(41:12 / All) BeetleJewz: yeahj lawl
(41:33 / All) BeetleJewz: haven't seen any bernies excpet the ones calliong bernie supporters cucks
(41:39 / All) BeetleJewz: like redditcucks4bernie
(43:32 / All) ALADDIN-DVD-YNO: this was decent smooth game worked out well; taking out ur 2 nubelf teamamtes helped a lot, their buildigns at least
(43:47 / All) BeetleJewz: my team kept a sking for gold I just ignored them
(43:54 / All) ALADDIN-DVD-YNO: not bad for my team being complete crap outside of purp finally doing something
(43:56 / All) BeetleJewz: I should have used some of my signature lines
(43:59 / All) BeetleJewz: like not having much to spare
(46:58 / All) BeetleJewz: I made 11 aviaries but never needed to go over 50 food
(47:30 / All) ALADDIN-DVD-YNO: took my team 20 min to get one expo besides me
(47:59 / All) BeetleJewz: 50000!!!!
(48:09 / All) BeetleJewz: WOOOO NATURE BOY
(48:20 / All) BeetleJewz: Just gonna kill my last buildings
(48:28 / All) ALADDIN-DVD-YNO: not sure y teal left
(48:32 / All) BeetleJewz: because either he's not saying anything whether he's afk or not
(49:01 / All) BeetleJewz: G_G
(49:26 / All) BeetleJewz: smooth as ice